AoeStats
← JRazzz

African Clearing

504491996Analyzed
4v4 RM · 27d ago on Sep 5, 2026· 60m 31s· 8 players
Game mode
Random Map
Map size
Large (8 player)
Population
200
Speed
Normal
Resources
Standard
Victory
Conquest
Starting age
Dark Age
Ending age
Imperial Age
RankedLock teamsTeams togetherTeam positionsShared explorationLock speedFull tech treeHidden civsTurbo modeCheats
Victory
Defeat
🇻🇳 Mongols · Vietnam
1431
+13
🇹🇼 Tupi · Taiwan
1427
+13
🇦🇷 Vietnamese · Argentina
1373
+16
🇹🇼 Hindustanis · Taiwan
1326
+18
🇮🇳 Italians · India
1385
-16
🇨🇳 Franks · China
1376
-15
🇬🇧 Magyars · United Kingdom
1358
-15
🇨🇳 Celts · China
1352
-14
JRazzz
3:30 Loom
12:04 Feudal Age
12:46 Double-Bit Axe
21:18 Castle Age
22:08 Horse Collar
23:48 Bow Saw
30:12 Fletching
32:09 Ballistics
31:53 Bodkin Arrow
31:58 Padded Archer Armor
32:34 Bloodlines
32:25 Husbandry
33:40 Leather Archer Armor
33:33 Gold Mining
33:33 Stone Mining
35:03 Wheelbarrow
35:47 Thumb Ring
39:56 Hand Cart
39:26 Town Watch
39:45 Heavy Plow
40:31 Gold Shaft Mining
43:12 Imperial Age
43:16 Heavy Cavalry Archer
44:22 Parthian Tactics
44:04 Recurve Bow
44:16 Bracer
47:13 Ring Archer Armor
Mezsar
12:57 Feudal Age
11:54 Loom
18:13 Castle Age
16:22 Double-Bit Axe
19:35 Wheelbarrow
19:19 Fletching
22:10 Horse Collar
25:45 Bow Saw
26:19 Bodkin Arrow
27:27 Ballistics
28:55 Padded Archer Armor
32:18 Leather Archer Armor
36:06 Imperial Age
34:59 Hand Cart
34:47 Elite Skirmisher
35:34 Thumb Ring
36:53 Bracer
37:56 Chemistry
38:22 Conscription
39:09 Ring Archer Armor
39:21 Heavy Plow
41:26 Elite Genoese Crossbowman
53:38 Light Cavalry
54:28 Bloodlines
54:18 Husbandry
54:28 Hussar
55:14 Scale Barding Armor
55:20 Forging
56:20 Chain Barding Armor
57:24 Hussar
58:54 Plate Barding Armor
58:54 Iron Casting
野象
4:35 Loom
14:03 Feudal Age
14:49 Town Watch
15:44 Double-Bit Axe
16:22 Town Watch
19:05 Castle Age
18:59 Horse Collar
20:08 Bow Saw
20:02 Heavy Plow
25:25 Pikeman
27:17 Arson
36:34 Gold Mining
36:35 Stone Mining
41:05 Wheelbarrow
43:16 Imperial Age
42:34 Ballistics
43:21 Heavy Scorpion
46:48 Siege Engineers
47:07 Furor Celtica
52:51 Chemistry
53:10 Gold Shaft Mining
52:03 Capped Ram
54:07 Siege Ram
56:07 Halberdier
乌合之众
12:49 Feudal Age
11:07 Loom
18:34 Castle Age
17:46 Double-Bit Axe
18:13 Forging
19:08 Scale Barding Armor
23:45 Husbandry
29:49 Iron Casting
31:32 Chain Barding Armor
34:08 Wheelbarrow
35:03 Gold Mining
40:03 Town Watch
40:33 Hand Cart
43:49 Imperial Age
44:22 Cavalier
46:00 Plate Barding Armor
47:51 Blast Furnace
47:36 Pikeman
48:19 Scale Mail Armor
OnionStorM
7:31 Loom
14:13 Feudal Age
15:55 Horse Collar
16:08 Double-Bit Axe
20:04 Castle Age
19:10 Arson
19:26 Arson
20:41 Forging
21:32 Stone Mining
22:18 Bow Saw
25:00 Heavy Plow
26:36 Husbandry
26:49 Bloodlines
27:47 Scale Barding Armor
27:46 Pikeman
29:57 Gold Mining
31:06 Scale Mail Armor
31:20 Squires
34:31 Iron Casting
33:37 Light Cavalry
34:43 Grand Trunk Road
36:35 Wheelbarrow
35:46 Town Watch
36:54 Chain Mail Armor
37:22 Gold Shaft Mining
37:58 Chain Barding Armor
38:25 Hand Cart
40:25 Stone Shaft Mining
42:42 Imperial Age
43:48 Conscription
44:23 Plate Barding Armor
43:57 Heavy Camel Rider
47:15 Imperial Camel Rider
47:39 Elite Ghulam
52:35 Blast Furnace
53:56 Caravan
苯駢芘
8:09 Loom
14:57 Feudal Age
18:50 Castle Age
16:56 Double-Bit Axe
17:55 Gold Mining
23:12 Fletching
23:48 Town Watch
30:09 Bodkin Arrow
32:27 Ballistics
31:48 Treadmill Crane
34:02 Padded Archer Armor
35:06 Wheelbarrow
37:08 Imperial Age
36:10 Horse Collar
36:45 Bow Saw
36:35 Stone Mining
38:09 Bracer
39:13 Chemistry
39:16 Two-Man Saw
38:20 Heavy Plow
38:39 Hand Cart
39:03 Gold Shaft Mining
39:15 Leather Archer Armor
39:16 Elite Blackwood Archer
40:20 Conscription
40:47 Curare
41:45 Ring Archer Armor
41:21 Murder Holes
46:50 Coinage
48:44 Banking
49:50 Town Patrol
53:41 Arson
53:58 Squires
53:22 Champi Runner
54:15 Champi Warrior
55:07 Caciques
55:17 Forging
55:08 Scale Mail Armor
57:15 Iron Casting
56:56 Chain Mail Armor
58:34 Capped Ram
58:40 Onager
都挺好
5:20 Loom
12:51 Feudal Age
17:05 Castle Age
15:27 Double-Bit Axe
18:27 Horse Collar
18:45 Fletching
26:37 Bodkin Arrow
27:50 Wheelbarrow
29:56 Hand Cart
29:45 Padded Archer Armor
32:12 Leather Archer Armor
32:19 Heavy Plow
32:32 Bow Saw
34:37 Ballistics
33:59 Treadmill Crane
39:20 Imperial Age
37:09 Gold Mining
39:38 Stone Mining
40:04 Husbandry
40:14 Bloodlines
40:57 Paper Money
40:39 Bracer
41:32 Stone Shaft Mining
42:19 Chemistry
42:49 Two-Man Saw
41:47 Elite Skirmisher
42:33 Thumb Ring
43:52 Crop Rotation
45:58 Pikeman
46:38 Squires
50:52 Halberdier
52:46 Ring Archer Armor
52:17 Scale Mail Armor
52:27 Forging
54:45 Chain Mail Armor
54:22 Heavy Cavalry Archer
56:25 Iron Casting
56:15 Imperial Skirmisher
57:38 Plate Mail Armor
57:04 Imperial Skirmisher
59:23 Town Watch
59:45 Scale Barding Armor
61:01 Chain Barding Armor
shogun
3:37 Loom
15:53 Feudal Age
17:20 Wheelbarrow
17:34 Double-Bit Axe
22:24 Castle Age
21:20 Horse Collar
26:14 Castle Age
24:51 Stone Mining
26:03 Gold Mining
27:39 Bow Saw
27:56 Heavy Plow
30:05 Stone Shaft Mining
32:39 Fletching
32:50 Padded Archer Armor
35:30 Bodkin Arrow
36:13 Hand Cart
37:02 Gold Shaft Mining
37:35 Leather Archer Armor
39:46 Scale Barding Armor
39:56 Bloodlines
39:47 Husbandry
42:50 Imperial Age
40:53 Ballistics
42:08 Light Cavalry
44:04 Conscription
43:45 Nomads
44:20 Bracer
45:22 Chemistry
44:32 Masonry
44:04 Elite Mangudai
44:12 Hussar
45:17 Forging
45:28 Chain Barding Armor
48:06 Iron Casting
50:45 Blast Furnace
54:32 Drill
58:24 Capped Ram
Connection lost

Rejoining the realm…

Still unreachable

The connection could not be restored.

Session expired

The server has moved on; the page needs a fresh start.